 Dungeon Crawl Stone Soup version 0.30.1-9-gdf580d7c3d (webtiles) character file.

Game seed: 11960013153014325254

315 Cheops the Shield-Bearer (level 6, 0/49 HPs)
             Began as a Naga Fire Elementalist on Sept 28, 2023.
             Slain by Ijyb
             ... wielding a +4 dagger of venom
              (6 damage)
             ... on level 3 of the Dungeon.
             The game lasted 00:12:27 (2955 turns).

Cheops the Shield-Bearer (Naga Fire Elementalist)   Turns: 2955, Time: 00:12:28

Health: 0/49       AC:  4    Str: 10    XL:     6   Next: 44%
Magic:  1/10       EV:  9    Int: 18    God:
Gold:   136        SH:  5    Dex:  7    Spells: 1/11 levels left

rFire   . . .        a - +0 short sword (protect)
rCold   . . .        p - +1 buckler
rNeg    . . .        e - +0 robe
rPois   +            (no helmet)
rElec   +            o - +0 cloak
rCorr   .            (no gloves)
SInv    +            (no barding)
Will    .....        (no amulet)
Stlth   ++           q - ring "Xeaw" {Fly rElec rPois Dex-4}
HPRegen 0.28/turn    (no ring)
MPRegen 0.12/turn

%: no passive effects
@: lethally poisoned (0 -> -4), flying, very slow
A: AC +2, large, see invisible, deformed body, poison resistance, slowness 2,
spit poison 1, naga tail 1
a: Spit Poison


You were on level 3 of the Dungeon.
You visited 1 branch of the dungeon, and saw 4 of its levels.

You collected 136 gold pieces.

Inventory:

Hand Weapons
 a - a +0 short sword of protection (weapon)
Missiles
 k - a throwing net
Armour
 e - a +0 robe (worn)
 o - a +0 cloak (worn)
 p - a +1 buckler (worn)
Magical Staves
 c - a staff of air
 d - a staff of death
Jewellery
 q - the ring "Xeaw" (left hand) {Fly rElec rPois Dex-4}
   (You found it on level 2 of the Dungeon)

   [ring of poison resistance]

   Dex:       It affects your dexterity (-4).
   rElec:     It insulates you from electricity.
   rPois:     It protects you from poison.
   Fly:       It grants you flight.
Scrolls
 f - a scroll of noise {unknown}
 h - a scroll of teleportation {unknown}
 j - a scroll of magic mapping {unknown}
 m - 4 scrolls of blinking
 s - 2 scrolls of vulnerability {unknown}
 u - a scroll of fear
 v - a scroll of immolation
Potions
 b - a potion of magic
 g - a potion of cancellation
 i - a potion of flight {unknown}
 l - a potion of attraction {unknown}
 n - 2 potions of haste {unknown}
 r - a potion of heal wounds {unknown}
 t - 2 potions of curing {unknown}
 w - a potion of brilliance {unknown}


   Skills:
 - Level 2.0 Short Blades
 - Level 1.5 Dodging
 - Level 3.0 Stealth
 + Level 3.8 Shields
 - Level 3.0 Spellcasting
 - Level 3.0 Conjurations
 - Level 3.0 Fire Magic


You had one spell level left.
You knew the following spells:

 Your Spells              Type           Power      Damage    Failure   Level
a - Foxfire               Conj/Fire      52%        2x1d6     7%          1
s - Scorch                Fire           26%        2d6       10%         2
v - Volatile Blastmotes   Fire/Tloc      16%        2d11      36%         3
w - Flame Wave            Conj/Fire      13%        2d6       54%         4

Your spell library contained the following spells:

 Spells                   Type           Power      Damage    Failure   Level
 Inner Flame              Hex/Fire       8%         N/A       36%         3


Dungeon Overview and Level Annotations

Branches:
Dungeon (4/15)
 Temple: D:4-7

Altars:

Annotations:
D:3 Ijyb
D:4 Robin


Innate Abilities, Weirdness & Mutations

Your serpentine skin is tough. (AC +2)
You have supernaturally acute eyesight. (SInv)
Armour fits poorly on your strangely shaped body.
Your system is resistant to poisons. (rPois)
You cover ground very slowly.
You can spit poison.
You have a snake-like lower body.


Message History

Ijyb is unaffected.
The grasping roots constrict you.
Casting: Scorch (safe; 10% risk of failure)
Confirm with . or Enter, or press ? or * to list all spells.
Flames lash Ijyb.
Ijyb is moderately wounded.
Ijyb hits you with a +4 dagger of venom.
* * * LOW HITPOINT WARNING * * *
The grasping roots constrict you!
* * * LOW HITPOINT WARNING * * *
The grasping roots release their grip on you.
Casting: Scorch (safe; 10% risk of failure)
Confirm with . or Enter, or press ? or * to list all spells.
Flames lash Ijyb.
Ijyb is burned terribly!
Ijyb is severely wounded.
Ijyb zaps a wand.
The roots erupt in riotous growth!
The grasping roots grab you!
Ijyb is unaffected.
The grasping roots constrict you.
* * * LOW HITPOINT WARNING * * *
Casting: Scorch (safe; 10% risk of failure)
Confirm with . or Enter, or press ? or * to list all spells.
Flames lash Ijyb.
Ijyb is severely wounded.
Ijyb hits you with a +4 dagger of venom.
* * * LOW HITPOINT WARNING * * *
You are poisoned.
The grasping roots constrict you.
* * * LOW HITPOINT WARNING * * *
The grasping roots release their grip on you.
Casting: Scorch (safe; 10% risk of failure)
Confirm with . or Enter, or press ? or * to list all spells.
You don't have enough magic to cast this spell.
Aiming: Spit Poison (1% risk of failure)
Press: ? - help, Shift-Dir - straight line, f - Ijyb
Aim: Ijyb, wielding a +4 dagger of venom, wearing a +2 leather armour of cold resistance and carrying a wand of roots (5) (severely wounded, more vulnerable to fire, 50% to hit)
Okay, then.
It was a potion of cancellation.
You feel magically purged.
* * * LOW HITPOINT WARNING * * *
You feel sick.
Ijyb hits you with a +4 dagger of venom.
You die...

#####..........###.......#
#...######...........# ###..##
#..####......#
#########..###..# ##.#####
......####......# #.#
#####..###...##.# #.#####
##........#.### #.##..#
###..........###.#.<.#
##.........@.##..#.#.#
#........#.g.#.......#
#........#......).####
#.#.........##...##
######........#####...#
......................#######
.....##.......##............#
...#####..........##..#####.##
......###....###.###..## #..#


You could see Ijyb (combustible).

Vanquished Creatures
  Sigmund (D:2)
  A hound (D:2)
  Jessica (D:2)
  3 adders
  2 worms (D:3)
  2 orcs (D:3)
  3 bats
  5 endoplasms
  A giant cockroach (D:1)
  9 goblins
  9 hobgoblins
  4 jackals (D:1)
  4 quokkas
  6 ball pythons
  5 frilled lizards
  4 kobolds
  3 rats
63 creatures vanquished.

Vanquished Creatures (others)
  133 foxfires
133 creatures vanquished.

Grand Total: 196 creatures vanquished

Notes
Turn   | Place    | Note
-------+----------+-------------------------------------------
     0 | D:1      | Cheops the Naga Fire Elementalist began the quest for the
                  | Orb.
     0 | D:1      | Reached XP level 1. HP: 15/15 MP: 3/3
   300 | D:1      | Reached skill level 1 in Short Blades
   300 | D:1      | Reached XP level 2. HP: 22/22 MP: 1/5
   589 | D:1      | Reached XP level 3. HP: 28/28 MP: 3/6
  1042 | D:1      | Learned a level 2 spell: Scorch
  1046 | D:1      | Learned a level 3 spell: Volatile Blastmotes
  1052 | D:2      | Noticed Jessica
  1055 | D:2      | Killed Jessica
  1071 | D:2      | Reached XP level 4. HP: 27/36 MP: 0/8
  1411 | D:2      | Noticed Sigmund
  1541 | D:2      | Identified the ring "Xeaw" {Fly rElec rPois Dex-4}
  1675 | D:2      | Reached XP level 5. HP: 42/42 MP: 7/9
  1964 | D:3      | Reached skill level 1 in Shields
  2724 | D:3      | Found a faded altar of an unknown god.
  2764 | D:3      | Learned a level 4 spell: Flame Wave
  2815 | D:2      | Killed Sigmund
  2816 | D:2      | Reached XP level 6. HP: 31/49 MP: 1/10
  2947 | D:4      | Noticed Robin
  2947 | D:4      | Noticed Ijyb
  2955 | D:3      | Slain by Ijyb

Illustrated notes

Levels and vault maps discovered:
D:1:      matt_arrival_debris, layout_basic
D:2:      layout_rooms, moated_statue, nicolae_concentric_dashed_squares_mild,
          roderic_cross_of_infinity, uniq_sigmund, uniq_jessica
D:3:      layout_rooms, shapermc_ecumenical_altar_notcrosses
D:4:      layout_rooms, minmay_misc_feat_five, minivault_11,
          minmay_diced_spiral, uniq_menkaure, uniq_ijyb, uniq_robin

Skill      XL: |  1  2  3  4  5 |
---------------+----------------+-----
Short Blades   | 1 2 |  2.0
Spellcasting   | 3 |  3.0
Conjurations   | 3 |  3.0
Shields        | 3 |  3.8
Dodging        | |  1.5
Stealth        | |  3.0
Fire Magic     | |  3.0

Action                     |  1- 3 |  4- 6 || total
---------------------------+-------+-------++-------
  Melee: Short sword       |    21 |    41 ||    62
         Punch             |       |     1 ||     1
   Cast: Foxfire           |    28 |    45 ||    73
         Scorch            |       |    13 ||    13
Ability: Spit Poison       |     5 |    10 ||    15
    Use: Scroll            |       |     5 ||     5
         Potion            |       |     1 ||     1
   Stab: Sleeping          |       |     1 ||     1
 Armour: Robe              |    18 |    20 ||    38
  Dodge: Dodged            |    15 |    23 ||    38
